 Dungeon Crawl Stone Soup version 0.14-a0-1076-gee4852e (webtiles) character file.

7861 PolkaDot the Conjurer (level 10, -2/63 HPs)
             Began as a Vampire Conjurer on Nov 25, 2013.
             Was the Champion of Sif Muna.
             Slain by a sheep (7 damage)
             ... on Level 1 of the Lair of Beasts.
             The game lasted 01:03:20 (10098 turns).

PolkaDot the Conjurer (Vampire Conjurer)           Turns: 10098, Time: 01:03:20

HP  -2/63        AC  8     Str  7      XL: 10   Next: 96%
MP   3/26        EV 13     Int 22      God: Sif Muna [******]
Gold 324         SH  0     Dex 17      Spells:  3 memorised,  4 levels left

rFire  + . .     SeeInvis +     D - staff of power (curse)
rCold  + + .     Clarity  .     q - +2 orc robe {rF+}
rNeg   + + +     Conserve .     (no shield)
rPois  +         rCorr    .     (no helmet)
rElec  .         rRot     +     v - +1 dwarf cloak (curse)
SustAb + .       Spirit   .     j - +1 pair of gauntlets {Dex+3}
rMut   .         Warding  .     (no boots)
Saprov . . .     Stasis   .     h - amulet of faith
                                m - +2 ring of intelligence
                                y - ring of sustain abilities

@: non-regenerating, somewhat resistant to hostile enchantments, quite stealthy
A: bottle blood, fangs 3, see invisible, unbreathing
a: Bat Form, Bottle Blood, Channel Energy, Forget Spell, Renounce Religion


You were on level 1 of the Lair of Beasts.
You worshipped Sif Muna.
Sif Muna was exalted by your worship.
You were bloodless.

You visited 3 branches of the dungeon, and saw 11 of its levels.
You also visited: Bailey.

You collected 427 gold pieces.
You spent 103 gold pieces at shops.

Inventory:

Armour
 j - a +1 pair of gauntlets of dexterity (worn)
 q - a +2 orcish robe of fire resistance (worn)
 v - a cursed +1 dwarven cloak (worn)
Magical devices
 a - a wand of cold (4)
 i - a wand of magic darts (11)
 p - a wand of digging (9)
 C - a wand of digging (7)
 I - a wand of random effects (3) {unknown}
Scrolls
 e - 5 scrolls of identify
 f - a scroll of amnesia
 g - 2 scrolls of random uselessness
 l - 4 scrolls of remove curse {unknown}
 n - a scroll of enchant weapon I
 o - a scroll of curse weapon
 s - a scroll of teleportation
 w - a scroll of magic mapping
 x - 2 scrolls of enchant armour {unknown}
 z - 2 scrolls of immolation {unknown}
 A - a scroll of fear {unknown}
 H - a scroll of recharging {unknown}
Jewellery
 h - an amulet of faith (around neck)
 m - a +2 ring of intelligence (right hand)
 r - a +1 ring of evasion
 y - a ring of sustain abilities (left hand)
 F - an uncursed ring of positive energy
Potions
 d - a potion of might
 k - 2 potions of flight
 t - a potion of magic
 u - a potion of speed
 B - 2 potions of mutation {!q}
 G - a potion of confusion
Books
 b - a book of Ice

   Spells                             Type                      Level
   Freezing Aura                      Charms/Ice                   2
   Ensorcelled Hibernation            Hexes/Ice                    2
   Ozocubu's Refrigeration            Ice                          6
   Bolt of Cold                       Conjuration/Ice              6
   Freezing Cloud                     Conjuration/Ice/Air          6
   Metabolic Englaciation             Hexes/Ice                    6
   Simulacrum                         Ice/Necromancy               6
 c - a book of Conjurations

   Spells                             Type                      Level
   *Magic Dart                        Conjuration                  1
   *Searing Ray                       Conjuration                  2
   Dazzling Spray                     Conjuration/Hexes            3
   *Iskenderun's Mystic Blast         Conjuration                  4
   Iskenderun's Battlesphere          Conjuration/Charms           4
   Fulminant Prism                    Conjuration/Hexes            5
Magical staves
 D - a cursed staff of power (weapon)


   Skills:
 - Level 2.1 Dodging
 - Level 3.0 Stealth
 - Level 1.0 Spellcasting
 * Level 13.0 Conjurations


You had 4 spell levels left.
You knew the following spells:

 Your Spells              Type           Power        Failure   Level  Hunger
a - Magic Dart            Conj           ####         1%          1    ##.....
d - Iskenderun's Mystic   Conj           ######..     1%          4    #####..
s - Searing Ray           Conj           ######       1%          2    ###....


Dungeon Overview and Level Annotations

Branches:
Dungeon (9/16)             Temple (1/1) D:6            Lair (1/8) D:8
    Orc: D:9-12

Altars:
Ashenzari
Cheibriados
Elyvilon
Fedhas
Kikubaaqudgha
Makhleb
Nemelex Xobeh
Okawaru
Sif Muna
Trog
Vehumet
Xom
Yredelemnul
Zin
the Shining One

Shops:
D:4 *   D:9 (/


Innate Abilities, Weirdness & Mutations

You do not heal naturally.
You can bottle blood from corpses.
You have razor-sharp teeth.*
You have supernaturally acute eyesight.
You can survive without breathing.*


Message History

Press: ? - help, Shift-Dir - straight line, f - sheep
Aim: a sheep (almost dead)
The magic dart hits the sheep.
The sheep is almost dead.
* * * LOW MAGIC WARNING * * *
Read which item? (? for menu, Esc to quit)
Okay, then.
Casting: Magic Dart
Confirm with . or Enter, or press ? or * to list all spells.
Aiming: Searing Ray
Press: ? - help, Shift-Dir - straight line, f/p - sheep
Aim: a sheep (almost dead)
The searing ray hits the sheep.
You kill the sheep!
* * * LOW MAGIC WARNING * * *
The sheep closely misses you. The sheep misses you.
You see here a sheep corpse.
The sheep bites you!
You die...

...... .###...
....... .#....F.
#....## ........
#.....##........
#.#.#.#.#...#
#....%..<#
#.#.#.#.###
#....%....#
#.#.#%#@###
#....%YY.#
#.#.#%#.##
#.......#
#########


You could see 2 sheep.

Vanquished Creatures
  Josephine (D:9)
  Pikel (D:8)
  Maurice (D:8)
  A shadow (D:9)
  A flying skull (D:9)
  A hungry ghost (D:9)
  Eustachio (D:6)
  A hippogriff (D:8)
  A hill giant skeleton (D:9)
  Edmund (D:4)
  4 necrophages (D:9)
  2 slaves (D:8)
  9 orc warriors
  An ice beast (D:7)
  A sky beast (D:5)
  6 ogres
  A giant goldfish (D:8)
  A yellow wasp (D:9)
  A crocodile (D:9)
  Sigmund (D:2)
  A centaur (D:8)
  A giant slug (D:8)
  Blork the orc (D:6)
  2 giant frogs
  A cyclops skeleton (D:9)
  A hippogriff zombie (D:9)
  2 jellyfish (D:8)
  9 killer bees
  A quasit (D:8)
  A wight (D:9)
  3 electric eels (D:8)
  3 crimson imps
  3 orc priests
  A giant frog zombie (D:8)
  2 hounds
  4 big fish
  5 orc wizards
  Crazy Yiuf (D:5)
  3 iguanas
  3 scorpions
  A gnoll shaman (D:6)
  7 worker ants
  6 sheep (Lair:1)
  A sky beast zombie (D:7)
  A big kobold skeleton (D:9)
  A mottled dragon skeleton (D:9)
  2 hound skeletons
  5 worker ant zombies
  10 gnolls
  11 adders
  An inept feature mimic (D:7)
  A giant mite (D:5)
  2 worms
  An iguana zombie (D:8)
  An adder skeleton (D:9)
  4 giant geckos
  2 oozes
  31 orcs
  15 bats
  A bat skeleton (D:7)
  6 giant cockroaches
  12 goblins
  19 hobgoblins
  10 jackals
  3 quokkas
  A giant gecko skeleton (D:7)
  4 giant newts
  A giant spore (D:9)
  A hobgoblin zombie (D:9)
  A jackal skeleton (D:4)
  13 kobolds
  A quokka zombie (D:5)
  15 rats
  A ballistomycete (D:9)
  A fungus (D:8)
278 creatures vanquished.

Vanquished Creatures (others)
  A hound (D:8)
  A water moccasin skeleton (D:8)
2 creatures vanquished.

Grand Total: 280 creatures vanquished

Notes
Turn   | Place    | Note
--------------------------------------------------------------
     0 | D:1      | PolkaDot, the Vampire Conjurer, began the quest for the Orb.
     0 | D:1      | Reached XP level 1. HP: 13/13 MP: 4/4
   273 | D:1      | Reached XP level 2. HP: 19/19 MP: 0/5
   775 | D:1      | Reached XP level 3. HP: 20/24 MP: 6/6
  1500 | D:2      | Reached skill level 4 in Conjurations
  1598 | D:2      | Noticed Sigmund
  1609 | D:2      | Learned a level 2 spell: Searing Ray
  1711 | D:2      | Killed Sigmund
  1711 | D:2      | Reached XP level 4. HP: 27/30 MP: 2/8
  1959 | D:3      | Reached XP level 5. HP: 35/35 MP: 4/9
  1972 | D:3      | Reached skill level 5 in Conjurations
  2254 | D:3      | Reached XP level 6. HP: 39/41 MP: 2/10
  2664 | D:4      | Found Eries' Assorted Antiques.
  2666 | D:4      | Found a white marble altar of Elyvilon.
  2671 | D:4      | Bought a scroll labeled CAIPTU THUEMM for 28 gold pieces
  2671 | D:4      | Bought a robe for 19 gold pieces
  2671 | D:4      | Bought a scroll labeled PHUMEO ZURIDIM for 28 gold pieces
  2671 | D:4      | Bought a scroll labeled THROESTR GRIN for 28 gold pieces
  2712 | D:4      | Reached skill level 6 in Conjurations
  2778 | D:4      | Noticed Edmund
  2805 | D:4      | Killed Edmund
  2805 | D:4      | Reached XP level 7. HP: 22/46 MP: 1/11
  3178 | D:5      | Entered Level 5 of the Dungeon
  3407 | D:5      | Reached skill level 7 in Conjurations
  3612 | D:5      | Noticed Crazy Yiuf
  3620 | D:5      | Killed Crazy Yiuf
  3825 | D:5      | Learned a level 4 spell: Iskenderun's Mystic Blast
  3988 | D:6      | Reached XP level 8. HP: 49/52 MP: 12/13
  4004 | D:6      | Reached skill level 8 in Conjurations
  4083 | D:6      | Noticed Eustachio
  4192 | D:6      | Killed Eustachio
  4269 | D:6      | Noticed Blork the orc
  4338 | D:6      | Killed Blork the orc
  4374 | D:6      | Reached skill level 9 in Conjurations
  4661 | D:6      | Found a staircase to the Ecumenical Temple.
  4816 | Temple   | Entered the Ecumenical Temple
  5046 | Temple   | Became a worshipper of Sif Muna the Loreminder
  5381 | D:7      | Found a flagged portal.
  5472 | Bailey   | Entered a bailey
  5492 | Bailey   | Reached XP level 9. HP: 15/57 MP: 14/14
  5646 | Bailey   | Acquired Sif Muna's first power
  5766 | Bailey   | Reached skill level 10 in Conjurations
  5868 | Bailey   | HP: 2/57 [orc warrior/ bolt (17)]
  6159 | D:7      | Found Wajif's Magic Scroll Shop.
  6167 | D:7      | Wajif's Magic Scroll Shop was a mimic.
  6385 | D:7      | Found a shimmering altar of Xom.
  6386 | D:7      | Found a radiant altar of Vehumet.
  6538 | D:7      | Acquired Sif Muna's second power
  7128 | D:8      | Noticed Pikel
  7138 | D:8      | Killed Pikel
  7138 | D:8      | Reached skill level 11 in Conjurations
  7196 | D:8      | Reached XP level 10. HP: 44/63 MP: 8/15
  7324 | D:8      | Noticed Maurice
  7451 | D:8      | Killed Maurice
  7828 | D:8      | Acquired Sif Muna's third power
  7995 | D:8      | Found a staircase to the Lair.
  8380 | D:9      | Reached skill level 12 in Conjurations
  8564 | D:9      | Found Ubbewk's Weapon Emporium.
  9186 | D:9      | Noticed Josephine
  9192 | D:9      | Killed Josephine
  9200 | D:9      | Noticed a skeletal warrior
  9350 | D:9      | Found Chooxior's Magical Wand Boutique.
 10003 | D:9      | HP: 3/63 [necrophage/ stone (2)]
 10011 | D:9      | HP: 3/63 [necrophage/ stone]
 10053 | Lair:1   | Entered Level 1 of the Lair of Beasts
 10064 | Lair:1   | Reached skill level 13 in Conjurations
 10098 | Lair:1   | Slain by a sheep

Action                   |  1- 3 |  4- 6 |  7- 9 | 10-12 || total
-------------------------+-------+-------+-------+-------++-------
Melee: Short sword       |    73 |       |       |       ||    73
       Scythe            |       |    60 |    40 |       ||   100
       Staff             |       |       |     3 |    17 ||    20
 Cast: Magic Dart        |    32 |    14 |    37 |    23 ||   106
       Searing Ray       |     2 |     9 |    71 |    39 ||   121
       Iskenderun's Myst |       |       |    44 |    56 ||   100
Invok: Channel Energy    |       |       |    41 |    24 ||    65
 Abil: Bottle Blood      |       |     6 |    36 |     1 ||    43
Evoke: Wand              |       |       |     2 |       ||     2
  Use: Potion            |       |     5 |    45 |     2 ||    52
       Scroll            |       |       |    16 |     9 ||    25
 Stab: Sleeping          |     3 |     4 |     2 |       ||     9
       Distracted        |       |       |     1 |       ||     1
